AoeStats
← Belgianwafflelegend69

Arabia

503392967Analyzed
2v2 RM · 1mo ago on Aug 31, 2026· 40m 34s· 4 players
Game mode
Random Map
Map size
Medium (4 player)
Population
200
Speed
Normal
Resources
Standard
Victory
Conquest
Starting age
Dark Age
Ending age
Imperial Age
RankedLock teamsTeams togetherTeam positionsShared explorationLock speedFull tech treeHidden civsTurbo modeCheats
Victory
Defeat
🇺🇸 Ethiopians · United States
985
+15
🇧🇪 Poles · Belgium
968
+16
🇨🇭 Tatars · Switzerland
972
-16
🇵🇪 Italians · Peru
965
-15
Juminican
10:00 Loom
11:46 Feudal Age
17:19 Castle Age
16:04 Horse Collar
16:12 Double-Bit Axe
23:17 Wheelbarrow
25:14 Husbandry
25:25 Bloodlines
24:36 Light Cavalry
25:34 Squires
24:54 Pikeman
27:40 Fletching
27:52 Scale Mail Armor
28:04 Forging
28:01 Scale Barding Armor
28:00 Arson
32:14 Bodkin Arrow
32:44 Ballistics
34:13 Iron Casting
AcidJupiter255
10:56 Feudal Age
11:57 Loom
13:23 Double-Bit Axe
13:20 Horse Collar
23:13 Castle Age
21:06 Gold Mining
22:44 Wheelbarrow
22:23 Bloodlines
24:51 Scale Barding Armor
24:57 Forging
25:13 Bow Saw
25:36 Hand Cart
25:25 Heavy Plow
Sayri89
10:38 Feudal Age
12:40 Loom
16:04 Castle Age
14:54 Scale Mail Armor
17:20 Double-Bit Axe
21:02 Arson
24:52 Forging
26:31 Iron Casting
27:45 Town Watch
31:40 Chain Mail Armor
Belgianwafflelegend69
4:52 Loom
12:22 Feudal Age
13:06 Double-Bit Axe
16:18 Horse Collar
19:14 Castle Age
17:46 Town Watch
18:28 Bloodlines
20:35 Bow Saw
19:53 Light Cavalry
20:33 Husbandry
21:49 Heavy Plow
22:32 Fletching
23:23 Wheelbarrow
23:49 Scale Barding Armor
26:04 Forging
27:13 Town Patrol
30:55 Hand Cart
30:50 Gold Mining
30:50 Stone Mining
30:57 Stone Mining
31:10 Squires
30:55 Arson
35:01 Imperial Age
33:31 Scale Mail Armor
34:06 Iron Casting
35:10 Chain Mail Armor
36:10 Conscription
35:26 Capped Ram
37:13 Blast Furnace
37:20 Crop Rotation
36:14 Winged Hussar
36:56 Siege Ram
37:37 Elite Obuch
39:48 Spies/Treason
41:04 Hoardings
41:08 Chain Barding Armor
40:44 Bodkin Arrow
41:44 Stone Shaft Mining
Connection lost

Rejoining the realm…

Still unreachable

The connection could not be restored.

Session expired

The server has moved on; the page needs a fresh start.